 Dungeon Crawl Stone Soup version 0.29.0-4-gdea44cf6ec (webtiles) character file.

Game seed: 967786141195605966

378 qw the Chopper (level 6, -2/37 HPs)
             Began as a Tengu Warper on Aug 28, 2022.
             Slain by an orc
             ... wielding a +0 mace
              (4 damage)
             ... on level 5 of the Dungeon.
             The game lasted 00:00:28 (4432 turns).

qw the Chopper (Tengu Warper)                       Turns: 4432, Time: 00:00:29

Health: -2/37      AC:  6    Str: 12 (13) XL:     6   Next: 74%
Magic:  10/10      EV: 13    Int: 13      God:
Gold:   254        SH:  0    Dex: 14      Spells: 9/9 levels left

rFire   + . .      SeeInvis .   Y - +1 hand axe (venom)
rCold   . . .      Faith    .   (no shield)
rNeg    . . .      Spirit   .   h - +0 ring mail {rF+}
rPois   .          Reflect  .   (helmet restricted)
rElec   .          Harm     .   g - +0 cloak
rCorr   .          Rampage  .   (no gloves)
Will    .....                   (boots unavailable)
Stlth   +.........              (no amulet)
HPRegen 0.12/turn               (no ring)
MPRegen 0.12/turn               (no ring)

@: flying quickly and evasively, quick
A: beak, talons 3, nimble flight
a: no special abilities


You were on level 5 of the Dungeon.
You visited 1 branch of the dungeon, and saw 5 of its levels.

You collected 254 gold pieces.


Innate Abilities, Weirdness & Mutations

You have a beak for a mouth.
You have claws for feet.
Your magical nature lets you fly swiftly and evasively.


   Skills:
 - Level 3.2 Fighting
 + Level 7.1 Axes
 - Level 1.0 Throwing
 - Level 1.1 Armour
 - Level 2.1 Dodging
 - Level 2.0 Spellcasting
 - Level 2.4 Translocations


You had 9 spell levels left.
You didn't know any spells.
Your spell library contained the following spells:

 Spells                   Type           Power      Damage    Failure   Level
 Blink                    Tloc           14%        N/A       32%         2
 Gell's Gravitas          Tloc           7%         N/A       54%         3
 Lesser Beckoning         Tloc           7%         N/A       54%         3
 Teleport Other           Tloc           7%         N/A       54%         3
 Manifold Assault         Tloc           7%         N/A       99%         5

Inventory:

Hand Weapons
 d - a +0 flail
 Y - a +1 hand axe of venom (weapon)
Missiles
 b - 2 boomerangs (quivered)
Armour
 f - a +0 scale mail
 g - a +0 cloak (worn)
 h - a +0 ring mail of fire resistance (worn)
Potions
 a - a potion of flight {unknown}
 c - 3 potions of curing
 i - a potion of mutation {unknown}
 j - a potion of heal wounds {unknown}
 k - a potion of cancellation

Dungeon Overview and Level Annotations

Branches:
Dungeon (5/15)
 Temple: D:4-7

Altars:

Shops:
D:5 *

Annotations:
D:3 3 runed translucent doors, qw's ghost, weakling TeWr


Message History

Press: ? - help, Q - select action Shift-Dir - straight line, f - ufetubus You throw a boomerang.
The boomerang hits the ufetubus.
You kill the ufetubus!
A centaur comes into view.
The centaur shouts!
The centaur wields a +0 shortbow.
The centaur shoots an arrow.
The arrow barely misses you.
An orc comes into view. It is wielding a +0 mace.
The orc shouts!
You see here 2 boomerangs.
The centaur shoots an arrow.
The arrow hits you!
The centaur shoots an arrow.
The arrow hits you!
Found 10 gold pieces.
The centaur shoots an arrow.
The arrow hits you.
Found a sedimented silvery potion.
The orc hits you but does no damage.
You hit the centaur. You claw the centaur.
The centaur is moderately wounded.
You barely miss the orc. The orc misses you.
The centaur unwields a +0 shortbow.
The centaur hits you. The centaur kicks you.
You slash the centaur!
The centaur is poisoned.
You claw the centaur, but do no damage. You peck the centaur.
The centaur is severely wounded.
You completely miss the orc. The centaur closely misses you.
The centaur kicks you but does no damage.
The orc hits you with a +0 mace.
You completely miss the centaur. You claw the centaur, but do no damage.
The centaur is severely wounded.
You hit the orc.
The centaur hits you but does no damage.
The centaur barely misses you. The orc hits you but does no damage.
The centaur closely misses you.
The centaur kicks you but does no damage.
You hit the centaur.
You kill the centaur!
You barely miss the orc. The orc hits you with a +0 mace.
You die...

............>...#
...........>.....#
.................#
.................#
#........(.......#
.....##...$......#
..........#..###.#
..........##.....#
.......@...}.}## #
......o)....\.#
........##.}.}#
......... ....$
......... ..#..
........#. ....
.......!.. #.
..########.


You could see an orc.

Vanquished Creatures
  A centaur (D:5)
  A scorpion (D:4)
  A necrophage (D:5)
  A hound (D:4)
  An iguana (D:4)
  An orc wizard (D:3)
  A gnoll (D:1)
  5 adders
  An ufetubus (D:5)
  4 worms
  2 dart slugs
  10 orcs (D:3)
  4 bats
  10 endoplasms
  4 giant cockroaches
  9 goblins
  5 hobgoblins
  9 kobolds
  7 quokkas
  6 ball pythons
  6 frilled lizards
  5 rats
94 creatures vanquished.

Notes
Turn   | Place    | Note
-------+----------+-------------------------------------------
     0 | D:1      | qw the Tengu Warper began the quest for the Orb.
     0 | D:1      | Reached XP level 1. HP: 12/12 MP: 4/4
     0 | D:1      | 0 ||| qw: Version: 0.1-a-89-g26bdef1
     0 | D:1      | 0 ||| qw: Game counter: 1023
     0 | D:1      | 0 ||| qw: Always use a shield: true
     0 | D:1      | 0 ||| qw: God list: Okawaru
     0 | D:1      | 0 ||| qw: Allow faded altars: false
     0 | D:1      | 0 ||| qw: Do Orc after D:15 true
     0 | D:1      | 0 ||| qw: Do second Lair branch before Depths: true
     0 | D:1      | 0 ||| qw: Lair rune preference: random
     0 | D:1      | 0 ||| qw: Plans: Normal
     0 | D:1      | 0 ||| PLANNING D:1-11
   127 | D:1      | Reached skill level 3 in Axes
   127 | D:1      | Reached XP level 2. HP: 14/17 MP: 6/6
   225 | D:1      | 225 ||| Stepping ~*~*~tactically~*~*~ (stealth).
   320 | D:1      | 320 ||| Stepping ~*~*~tactically~*~*~ (stealth).
   325 | D:1      | 325 ||| Stepping ~*~*~tactically~*~*~ (stealth).
   342 | D:1      | 342 ||| Stepping ~*~*~tactically~*~*~ (stealth).
   343 | D:1      | 343 ||| Stepping ~*~*~tactically~*~*~ (stealth).
   480 | D:1      | Reached XP level 3. HP: 13/21 MP: 7/7
   582 | D:1      | 582 ||| Stepping ~*~*~tactically~*~*~ (stealth).
   583 | D:1      | 583 ||| Stepping ~*~*~tactically~*~*~ (stealth).
   919 | D:1      | Reached skill level 4 in Axes
  1314 | D:1      | 1314 ||| UPGRADING to +0 scale mail.
  1324 | D:1      | 1324 ||| DROPPING +0 leather armour.
  1325 | D:1      | 1325 ||| READING scroll labelled KOPIPSOKOM.
  1326 | D:1      | 1326 ||| READING scroll labelled RUTIACVE ACVEO.
  1327 | D:1      | 1327 ||| READING scroll labelled POSTEMA IMYN.
  1448 | D:1      | 1448 ||| DROPPING scroll of blinking.
  1465 | D:2      | 1465 ||| STAIRDANCE
  1467 | D:2      | 1467 ||| STAIRDANCE
  1528 | D:2      | Reached XP level 4. HP: 24/26 MP: 8/8
  1636 | D:2      | Reached skill level 5 in Axes
  1817 | D:2      | 1817 ||| Stepping ~*~*~tactically~*~*~ (hiding).
  1819 | D:2      | 1819 ||| Stepping ~*~*~tactically~*~*~ (hiding).
  2008 | D:2      | Found a faded altar of an unknown god.
  2303 | D:2      | 2303 ||| UPGRADING to +0 ring mail of fire resistance.
  2313 | D:2      | 2313 ||| READING scroll labelled CEHIGH DORU.
  2314 | D:2      | 2314 ||| READING 2 scrolls labelled DYOZ YNLAEBU.
  2315 | D:2      | 2315 ||| READING 3 scrolls labelled LUURUM NULUUGOC.
  2316 | D:2      | 2316 ||| DRINKING 2 fizzy emerald potions.
  2317 | D:2      | 2317 ||| DROPPING scroll of poison.
  2318 | D:2      | 2318 ||| DROPPING 2 scrolls of vulnerability.
  2319 | D:2      | 2319 ||| Stepping randomly (stuck).
  2320 | D:2      | 2320 ||| Stepping ~*~*~tactically~*~*~ (cloud).
  2321 | D:2      | 2321 ||| DRINKING potion of curing.
  2321 | D:2      | 2321 ||| (to cure poison)
  2546 | D:3      | 2546 ||| FLEEEEING.
  2547 | D:3      | 2547 ||| FLEEEEING.
  2560 | D:3      | Gained mutation: Your magical nature lets you fly swiftly
                  | and evasively. [Tengu growth]
  2560 | D:3      | Reached XP level 5. HP: 21/30 MP: 9/9
  2696 | D:3      | 2696 ||| Stepping ~*~*~tactically~*~*~ (stealth).
  2697 | D:3      | 2697 ||| Stepping ~*~*~tactically~*~*~ (stealth).
  2807 | D:3      | 2807 ||| Stepping ~*~*~tactically~*~*~ (hiding).
  2974 | D:3      | Reached skill level 6 in Axes
  3279 | D:3      | Found a runed translucent gate.
  3279 | D:3      | Found a runed translucent gate.
  3281 | D:3      | Found a runed translucent gate.
  3381 | D:3      | Noticed qw's ghost (weakling TeWr)
  3538 | D:3      | 3538 ||| READING scroll labelled FOATIA EMUI.
  3539 | D:3      | 3539 ||| READING scroll labelled FYEDUTO EBOMU.
  3540 | D:3      | 3540 ||| DRINKING 2 silvery potions.
  3541 | D:3      | 3541 ||| DRINKING 2 clear potions.
  3542 | D:3      | 3542 ||| DROPPING potion of degeneration.
  3872 | D:4      | Reached skill level 7 in Axes
  3872 | D:4      | Reached XP level 6. HP: 31/35 MP: 10/10
  4346 | D:4      | 4346 ||| UPGRADING to +0 cloak.
  4351 | D:4      | 4351 ||| READING scroll labelled JUEKIZ UNNOOT.
  4355 | D:4      | 4355 ||| READING scroll labelled TOWA IFAGIAC.
  4376 | D:5      | Entered Level 5 of the Dungeon
  4388 | D:5      | Reached skill level 3 in Fighting
  4421 | D:5      | Found Naomp's General Store.
  4429 | D:5      | HP: 5/37 [centaur (5)]
  4430 | D:5      | HP: 2/37 [orc/+0 mace (3)]
  4432 | D:5      | Slain by an orc

Levels and vault maps discovered:
D:1:      onia_arrival_mini_spirals, layout_basic, minmay_misc_feat_room
D:2:      layout_basic, dilly_ecumenical_altar_fadedgnrine
D:3:      layout_loops_ring, ebering_ghost_rock_garden
D:4:      layout_loops_ring
D:5:      layout_rooms, mainiacjoe_overflow_24_doors, led_sif_book,
          serial_shops, shop, shop, nicolae_shop_behind_doors,
          nicolae_shop_stone, shop_fountains, uniq_edmund, uniq_prince_ribbit1

Skill      XL: |  1  2  3  4  5  6 |
---------------+-------------------+-----
Axes           | 3 4 5 7 |  7.1
Fighting       | 3 |  3.2
Throwing       | |  1.0
Armour         | |  1.1
Dodging        | |  2.1
Spellcasting   | |  2.0
Translocations | |  2.4

Action                   |  1- 3 |  4- 6 || total
-------------------------+-------+-------++-------
Melee: Hand axe          |    89 |   132 ||   221
       Peck              |     8 |    25 ||    33
       Kick              |    21 |    35 ||    56
       Punch             |     1 |     1 ||     2
Throw: Boomerang         |     7 |    44 ||    51
  Use: Scroll            |     3 |     7 ||    10
       Potion            |       |     4 ||     4
Armor: Leather armour    |    14 |       ||    14
       Scale mail        |     5 |    21 ||    26
       Ring mail         |       |    24 ||    24
Dodge: Dodged            |    49 |    53 ||   102

Table legend:
 A = Non-vault XP
 B = Vault XP
 C = Vault XP percentage of total XP
 D = Non-vault monster count
 E = Vault monster count
 F = Vault count percentage of total count
                 A         B        C        D         E       F
            +---------+---------+-------+---------+---------+-------
      Total |     655 |       0 |   0.0 |      94 |       0 |   0.0
            +---------+---------+-------+---------+---------+-------
        D:1 |      74 |       0 |   0.0 |      32 |       0 |   0.0
        D:2 |      68 |       0 |   0.0 |      19 |       0 |   0.0
        D:3 |     115 |       0 |   0.0 |      26 |       0 |   0.0
        D:4 |     198 |       0 |   0.0 |      14 |       0 |   0.0
        D:5 |     200 |       0 |   0.0 |       3 |       0 |   0.0
            +---------+---------+-------+---------+---------+-------
